 Dungeon Crawl Stone Soup version 0.32-a0-921-g04a7ad8e02 (webtiles) character file.

Game seed: 4316733829640056832

196703 Mrcake the Warrior (level 17, -2/170 HPs)
             Began as a Minotaur Fighter on Apr 12, 2024.
             Was the Champion of the Shining One.
             Slain by Zero's ghost (14 damage)
             ... on level 1 of the Swamp.
             The game lasted 00:48:56 (30775 turns).

Mrcake the Warrior (Minotaur Fighter)              Turns: 30775, Time: 00:48:57

Health: -2/170     AC: 32    Str: 29    XL:     17   Next: 75%
Magic:  18/19      EV:  9    Int:  5    God:    the Shining One [******]
Gold:   3542       SH: 29    Dex: 16    Spells: 16/16 levels left

rFire   . . .        b - +2 broad axe (heavy)
rCold   + . .        z - +5 tower shield {AC+3}
rNeg    + + +        x - +4 plate armour {rC+}
rPois   .            (helmet restricted)
rElec   .            U - +2 cloak
rCorr   .            i - +0 pair of gloves
SInv    .            V - +1 pair of boots
Will    +....        c - amulet of reflection Stlth
                     v - +5 ring of evasion
HPRegen 0.48/turn    t - +6 ring of dexterity
MPRegen 0.16/turn

%: reflection
@: mighty, grasped by roots, hasted, glowing, constricted, very quick
A: horns 2, retaliatory headbutt
}: 1/15 runes: decaying
a: Renounce Religion, Divine Shield, Cleansing Flame, Summon Divine Warrior,
Brand Weapon With Holy Wrath


You were on level 1 of the Swamp.
You worshipped the Shining One.
The Shining One was exalted by your worship.
You visited 7 branches of the dungeon, and saw 29 of its levels.
You visited the Abyss 1 time.
You also visited: Ossuary and Bailey.

You collected 3542 gold pieces.

Inventory:

Hand Weapons
 b - a +2 heavy broad axe (weapon)
Missiles
 F - 2 throwing nets (quivered)
Armour
 i - a +0 pair of gloves (worn)
 x - a +4 plate armour of cold resistance (worn)
 z - a +5 tower shield of protection (worn)
 Q - +0 swamp dragon scales
 U - a +2 cloak (worn)
 V - a +1 pair of boots (worn)
Jewellery
 c - an amulet of reflection (around neck)
 t - a +6 ring of dexterity (right hand)
 v - a +5 ring of evasion (left hand)
 y - an amulet of the acrobat
 B - a ring of poison resistance
 N - an amulet of regeneration
 R - a +5 ring of evasion
Wands
 e - a wand of polymorph (21)
 n - a wand of digging (16)
 A - a wand of flame (42)
 D - a wand of light (19)
 J - a wand of paralysis (8)
 T - a wand of warping (19)
Scrolls
 f - 7 scrolls of revelation
 g - 10 scrolls of identify
 h - 5 scrolls of poison
 k - 4 scrolls of amnesia
 m - 2 scrolls of noise
 o - 12 scrolls of immolation
 p - 5 scrolls of vulnerability
 r - 12 scrolls of teleportation
 u - a scroll of brand weapon
 w - a scroll of silence
 G - 5 scrolls of enchant weapon
 L - 7 scrolls of fear
 O - a scroll of summoning
 P - 2 scrolls of fog
 S - a scroll of torment
Potions
 a - 2 potions of cancellation
 d - 4 potions of might
 j - a potion of mutation
 l - 2 potions of brilliance
 q - 3 potions of invisibility
 s - 2 potions of ambrosia
 C - 3 potions of haste
 E - 3 potions of attraction
 H - 4 potions of resistance
 I - 2 potions of degeneration
 K - a potion of magic
 M - 2 potions of lignification


   Skills:
 + Level 19.9 Fighting
 + Level 19.6 Axes
 - Level 16.0 Armour
 + Level 16.2 Dodging
 + Level 14.4 Shields
 + Level 4.0 Invocations


You had 16 spell levels left.
You didn't know any spells.
Your spell library contained the following spells:

 Spells                   Type           Power      Damage    Failure   Level
 Apportation              Tloc           0%         N/A       99%         1
 Freeze                   Ice            0%         1d3       99%         1
 Kiss of Death            Conj/Necr      0%         2d5       99%         1
 Magic Dart               Conj           0%         1d3       99%         1
 Necrotise                Necr           0%         1d4       99%         1
 Slow                     Hex            0%         N/A       99%         1
 Sting                    Conj/Alch      0%         1d3       99%         1
 Summon Small Mammal      Summ           0%         N/A       99%         1
 Blink                    Tloc           0%         N/A       100%        2
 Call Imp                 Summ           0%         N/A       100%        2
 Cigotuvi's Dreadful Rot  Necr/Alch/Air  0%         N/A       100%        2
 Jinxbite                 Hex            0%         N/A       100%        2
 Mercury Vapours          Alch/Air       0%         N/A       100%        2
 Scorch                   Fire           0%         2d5       100%        2
 Searing Ray              Conj           0%         2d4       100%        2
 Static Discharge         Conj/Air       0%         3-3/arc   100%        2
 Sublimation of Blood     Necr           0%         N/A       100%        2
 Call Canine Familiar     Summ           0%         N/A       100%        3
 Confusing Touch          Hex            0%         N/A       100%        3
 Dazzling Flash           Conj/Hex       0%         N/A       100%        3
 Frozen Ramparts          Ice            0%         1d1       100%        3
 Fugue of the Fallen      Necr           0%         N/A       100%        3
 Hailstorm                Conj/Ice       0%         3d5       100%        3
 Mephitic Cloud           Conj/Alch/Air  0%         N/A       100%        3
 Vampiric Draining        Necr           0%         2d6       100%        3
 Airstrike                Air            0%         2d(0-16)  100%        4
 Brom's Barrelling Bould  Conj/Erth      0%         2d3       100%        4
 Dispel Undead            Necr           0%         3d6       100%        4
 Flame Wave               Conj/Fire      0%         2d4       100%        4
 Fulminant Prism          Conj/Alch      0%         3d5       100%        4
 Ignite Poison            Fire/Alch      0%         N/A       100%        4
 Passage of Golubria      Tloc           0%         N/A       100%        4
 Petrify                  Alch/Erth      0%         N/A       100%        4
 Summon Lightning Spire   Summ/Air       0%         N/A       100%        4
 Alistair's Intoxication  Alch           0%         N/A       100%        5
 Curse of Agony           Necr           0%         N/A       100%        5
 Fireball                 Conj/Fire      0%         3d3       100%        5
 Freezing Cloud           Conj/Ice/Air   0%         6-21      100%        5
 Irradiate                Conj/Alch      0%         3d11      100%        5
 Iskenderun's Battlesphe  Conj           0%         2d6       100%        5
 Silence                  Hex/Air        0%         N/A       100%        5
 Conjure Ball Lightning   Conj/Air       0%         3x3d6     100%        6
 Summon Cactus Giant      Summ           0%         N/A       100%        6
 Orb of Destruction       Conj           0%         9d5       100%        7
 Lehudib's Crystal Spear  Conj/Erth      0%         10d2      100%        8
 Dragon's Call            Summ           0%         N/A       100%        9


Dungeon Overview and Level Annotations

Branches:
Dungeon (15/15)            Temple (1/1) D:7            Lair (5/5) D:9
  Swamp (4/4) Lair:2        Snake (1/4) Lair:2        Slime (0/5) Lair:4
    Orc (2/2) D:9             Elf (1/3) Orc:2        Vaults (0/5) D:14
 Depths (0/4) D:15        Ossuary (visited)          Bailey (visited)

Altars:
Ashenzari
Cheibriados
Dithmenos
Elyvilon
Fedhas
Gozag
Hepliaklqana
Kikubaaqudgha
Makhleb
Nemelex Xobeh
Okawaru
Qazlal
Ru
Sif Muna
Trog
Uskayaw
Vehumet
Wu Jian
Xom
Yredelemnul
Zin
The Shining One
Beogh
Jiyva

Shops:
D:6 (   D:7 (   D:9 (   D:12 ?   D:14 (   Orc:2 [=*(

Annotations:
D:4 3 runed translucent doors, HourglassMan's ghost, novice CoHu
Lair:4 2 transporters
Swamp:1 1 transporter, Zero's ghost, adept GrBe
Elf:1 exclusion: orange crystal statue


Innate Abilities, Weirdness & Mutations

You have a pair of horns on your head.
You reflexively headbutt those who attack you in melee.


Message History

You feel yourself speed up.
The briar patch crumbles away. x3
You block the goliath frog's attack. You block the spriggan druid's attack.
The thorn hunter fires a volley of thorns at you.
The volley of thorns hits you!
* * * LOW HITPOINT WARNING * * *
You block the shambling mangrove's attack.
The grasping roots constrict you. You block Zero's ghost's attack.
You feel very mighty all of a sudden. You block the goliath frog's attack.
You block the death drake's attack.
The thorn hunter gestures.
Thorny briars emerge from the ground!
The spriggan druid hits you but does no damage.
Unknown command.
You slice the death drake!!
You kill the death drake!
You slash Zero's ghost!
You hack one of the eight-headed hydra's heads off!
The seven-headed hydra grows two more!
You open the nine-headed hydra like a pillowcase!!!
You slice the spriggan druid!! You slash the thorn hunter!
You hit the shambling mangrove but do no damage.
You block Zero's ghost's attack. You block the goliath frog's attack.
You block the shambling mangrove's attack.
The grasping roots constrict you. You block the thorn hunter's attack.
The thorn hunter hits you but does no damage.
The nine-headed hydra bites you but does no damage.
The nine-headed hydra closely misses you.
The nine-headed hydra bites you but does no damage.
The nine-headed hydra bites you.
* * * LOW HITPOINT WARNING * * *
The nine-headed hydra bites you but does no damage.
The nine-headed hydra bites you.
* * * LOW HITPOINT WARNING * * *
The nine-headed hydra bites you but does no damage.
The nine-headed hydra closely misses you.
The nine-headed hydra bites you but does no damage.
The roots' grasp on you weakens, but your attempt to escape fails.
You block the spriggan druid's attack. You block the goliath frog's attack.
Zero's ghost hits you!
You die...

....~~~~.....~~~.~~..~~~~~~♣
........>~.........÷...~~.♣♣
.~~~....~........PPPPPP.~..♣♣
~~~~~..~~...#########PP....~♣
~~~~~~.~~..##.......##P..~..♣
~~~~...~...#ß..$....ß#P..~..♣
~~~~..~....#...F....?#P..~~.♣♣♣♣
~~~~~.~♣~.)#...D[W..!#P......~.♣
.~~~...~..©#...i@...[#P..~~.§~.♣♣
~.~~..~....#...ff...)#...~.~.....
♣.~~~..~...#........$#P.~.~...§~~
♣.~~~.~.~..#ß.......ß#P.~~~>.~~..
♣~.~.~♣.~..##©......##P.~~~>..~~♣
♣♣♣♣♣♣♣~~...#########P......~...♣
♣♣ ♣♣~............P......~~... .♣
♣~.§..........PP.~~~....~~~ .♣
♣♣~.~~~~~~..♣~.~~~~~~..~.~~~


You could see a thorn hunter, a shambling mangrove, a nine-headed hydra, a
spriggan druid, a goliath frog and Zero's ghost.

Vanquished Creatures
  A bone dragon (Abyss:2)
  2 tentacled monstrosities
  A lich (Abyss:2)
  Mlioglotl (Swamp:1)
  A tentacled starspawn (Abyss:2)
  A shadow dragon (Abyss:2)
  2 thorn hunters
  2 fenstrider witches
  The ghost of Hilad the Grappler, a journeyman TrIE of Ru (Lair:5)
  2 ghouls
  2 orc warlords
  An angel (Abyss:2)
  4 eleionomae
  A deep elf death mage (Elf:1)
  A deep elf demonologist (Elf:1)
  3 bunyips
  A blizzard demon (Abyss:2)
  Snorg (D:14)
  A fire dragon (Lair:5)
  The ghost of Bybewuof the Eclecticist, a journeyman DjFE of Gozag (D:13)
  A shambling mangrove (Swamp:4)
  2 jiangshi (Abyss:2)
  A deep elf high priest (Elf:1)
  Harold (D:9)
  2 vault guards (D:14)
  A catoblepas (Lair:3)
  A rakshasa (Abyss:2)
  An ogre mage (D:15)
  A spriggan air mage (Swamp:1)
  10 alligators
  4 boulder beetles
  3 ghost crabs
  An anaconda (Snake:1)
  15 hydras
  3 dancing weapons (Elf:1)
  10 two-headed ogres
  2 centaur warriors (D:14)
  A deep troll earth mage (D:15)
  5 death yaks (Lair:4)
  A vampire mage (Abyss:2)
  A tengu warrior (D:14)
  2 naga warriors (Snake:1)
  A naga sharpshooter (Snake:1)
  5 orc high priests (Orc:2)
  A shock serpent (Lair:2)
  2 skysharks
  A wretched star (Abyss:2)
  2 spriggan berserkers (Swamp:4)
  4 deep elf knights (Elf:1)
  5 skeletal warriors (D:15)
  Amaemon (Lair:1)
  Sonja (Orc:1)
  A deep elf archer (Elf:1)
  2 sea snakes (Snake:1)
  A death drake (Swamp:1)
  3 goliath frogs
  3 large abominations (Abyss:2)
  11 swamp dragons
  2 spriggan druids
  Pikel (D:5)
  9 bog bodies
  2 harpies (shapeshifter)
  3 orc knights
  5 wolf spiders
  7 deep elf pyromancers
  7 deep elf zephyrmancers (Elf:1)
  2 orc sorcerers (Orc:2)
  13 ugly things
  4 will-o-the-wisps
  3 salamanders (Snake:1)
  4 cyclopes
  A wolf spider zombie (D:15)
  A meliai (shapeshifter) (Abyss:2)
  5 manticores
  4 meliai
  13 black mambas
  2 guardian serpents
  16 elephants
  2 naga magi (Snake:1)
  A smoke demon (Abyss:2)
  A guardian serpent (shapeshifter) (D:15)
  Maggie (D:7)
  An orange demon (Lair:1)
  A gargoyle (D:11)
  A kobold demonologist (D:12)
  11 cane toads
  2 freezing wraiths
  5 rime drakes
  A tengu conjurer (D:14)
  10 komodo dragons
  Psyche (D:10)
  2 ancient zymes (Abyss:2)
  A bloated husk (Swamp:4)
  6 trolls
  4 polar bears
  8 tyrant leeches
  9 hornets
  26 blink frogs
  A harpy skeleton (Abyss:2)
  9 raiju (Abyss:2)
  5 dream sheep (Lair:4)
  A meliai zombie (D:15)
  A centaur simulacrum (D:14)
  2 water elementals
  5 slime creatures (D:12)
  6 spriggans
  5 shadows
  3 wraiths
  2 vampires
  55 yaks
  17 wyverns
  A neqoxec (Abyss:2)
  8 basilisks
  3 redbacks (Lair:5)
  9 humans (D:14)
  4 steam dragons
  4 wargs
  4 vampire mosquitoes (Swamp:4)
  14 swamp worms
  4 acid dragons
  7 nagas
  34 water moccasins
  25 orc warriors
  An ice beast (D:6)
  6 swamp drakes
  A sky beast (D:7)
  2 black bears
  12 laughing skulls (Abyss:2)
  3 small abominations (Abyss:2)
  8 wolves
  11 ogres
  15 centaurs
  2 lemures (D:5)
  3 kobold brigands
  13 bullfrogs
  A scorpion (D:6)
  A water moccasin zombie (Ossuary)
  7 wights
  5 killer bees (D:10)
  3 electric eels (Lair:1)
  8 howler monkeys
  A bombardier beetle (D:6)
  A bullfrog zombie (Ossuary)
  3 centaur zombies (Ossuary)
  A human zombie (Ossuary)
  3 jellies
  7 orc priests
  A gnoll bouda (D:8)
  5 hounds
  2 iguanas
  A sleepcap (D:6)
  Ijyb (D:5)
  11 orc wizards
  2 scorpion zombies (Ossuary)
  An ogre zombie (Ossuary)
  A boggart simulacrum (D:9)
  3 gnolls (D:5)
  6 adders
  A shadow imp (D:5)
  4 white imps
  4 ufetubi
  An adder zombie (Ossuary)
  3 ribbon worms
  62 orcs
  8 ball pythons
  3 bats (D:2)
  7 endoplasms
  5 giant cockroaches
  3 gnoll zombies (Ossuary)
  9 hobgoblins
  11 jackals
  A quokka (D:1)
  4 frilled lizards (D:1)
  8 goblins
  4 goblin zombies
  A hobgoblin zombie (Ossuary)
  23 kobolds
  An orc zombie (Ossuary)
  A quokka zombie (D:5)
  6 rats
  2 starspawn tentacles (Abyss:2)
894 creatures vanquished.

Vanquished Creatures (collateral kills)
  A swamp dragon (Swamp:4)
1 creature vanquished.

Vanquished Creatures (others)
  A vault guard (D:14)
  Maurice (Orc:2)
  2 bloated husks
  2 hornets (Swamp:3)
  2 spriggans (Swamp:3)
  A swamp worm (Swamp:4)
  A kobold brigand (D:9)
  28 foxfires
  2 starspawn tentacles (Abyss:2)
40 creatures vanquished.

Grand Total: 935 creatures vanquished

Notes
Turn   | Place    | Note
-------+----------+-------------------------------------------
     0 | D:1      | Mrcake the Minotaur Fighter began the quest for the Orb.
     0 | D:1      | Reached XP level 1. HP: 19/19 MP: 0/0
   203 | D:1      | Reached XP level 2. HP: 27/27 MP: 1/1
   968 | D:2      | Reached XP level 3. HP: 31/34 MP: 2/2
  1344 | D:2      | Identified the +0 whip of Lust {heavy, rN+ Stlth+}
  1841 | D:3      | Found a shimmering blue altar of Sif Muna.
  1866 | D:3      | Reached XP level 4. HP: 36/41 MP: 3/3
  2214 | D:4      | Reached skill level 5 in Fighting
  2270 | D:4      | Found a broken altar of Ashenzari.
  2445 | D:4      | Found a hide-covered altar of Uskayaw.
  2445 | D:4      | Noticed a +0 spear
  2445 | D:4      | Noticed a +0 dagger
  2445 | D:4      | Noticed a +0 spear
  2446 | D:4      | Noticed a +0 falchion
  2451 | D:4      | Noticed a +0 short sword
  2452 | D:4      | Noticed a +0 dagger
  2452 | D:4      | Noticed a +0 falchion
  2453 | D:4      | Noticed a +0 short sword
  2600 | D:4      | Reached XP level 5. HP: 42/48 MP: 4/4
  2727 | D:4      | Found a runed translucent gate.
  2727 | D:4      | Found a runed translucent gate.
  2729 | D:4      | Found a runed translucent gate.
  2731 | D:4      | Noticed HourglassMan's ghost (novice CoHu)
  2918 | D:4      | Found a roughly hewn altar of Beogh.
  2955 | D:5      | Entered Level 5 of the Dungeon
  3071 | D:5      | Noticed Ijyb
  3074 | D:5      | Reached skill level 5 in Shields
  3089 | D:5      | Reached XP level 6. HP: 20/57 MP: 5/5
  3091 | D:5      | Killed Ijyb
  3092 | D:5      | Reached skill level 5 in Axes
  3271 | D:5      | Found a shimmering altar of Xom.
  3272 | D:5      | Found a hazy altar of Hepliaklqana.
  3280 | D:5      | Found a shadowy altar of Dithmenos.
  3283 | D:5      | Found an iron altar of Okawaru.
  3374 | D:5      | Found a snail-covered altar of Cheibriados.
  3424 | D:5      | Noticed Pikel
  3432 | D:5      | Killed Pikel
  3433 | D:5      | Reached XP level 7. HP: 59/66 MP: 6/6
  3483 | D:5      | Found a burning altar of Makhleb.
  3597 | D:5      | Found a sand-covered staircase.
  3604 | D:5      | Reached XP level 8. HP: 71/73 MP: 7/7
  3608 | Ossuary  | Entered an ossuary
  3744 | Ossuary  | Noticed a silent spectre
  3769 | Ossuary  | Identified the +2 leather armour "Iskafuf" {Will+ Int+3
                  | Dex+3}
  3992 | D:6      | Found Coguddeal's Antique Weapon Emporium.
  3995 | D:6      | Found a white marble altar of Elyvilon.
  4153 | D:6      | Found a bloodstained altar of Trog.
  4247 | D:6      | Identified the +0 rapier of Desertification {chaos, rElec
                  | rN++ Will- SInv}
  4718 | D:6      | Found a large runed translucent door.
  4718 | D:6      | Found a large runed translucent door.
  4876 | D:6      | Found a sacrificial altar of Ru.
  5110 | D:6      | Identified the +4 mace "Cullav" {flame, Int+2}
  5312 | D:6      | Found a shimmering altar of Xom.
  5424 | D:6      | Reached XP level 9. HP: 74/83 MP: 8/8
  5550 | D:7      | Found Ennege's Antique Weapon Emporium.
  5626 | D:7      | Found a staircase to the Ecumenical Temple.
  5916 | D:7      | Noticed Maggie
  5925 | D:7      | Killed Maggie
  5926 | D:7      | Reached skill level 10 in Fighting
  6159 | D:8      | Found an ancient bone altar of Kikubaaqudgha.
  6411 | D:8      | Reached skill level 1 in Dodging
  6416 | D:8      | Reached skill level 10 in Axes
  6768 | D:8      | Reached XP level 10. HP: 94/94 MP: 9/9
  7122 | D:9      | Found Xouxash's Antique Weapon Shoppe.
  7169 | D:9      | Found a staircase to the Orcish Mines.
  7211 | D:9      | Noticed Harold
  7227 | D:9      | Killed Harold
  7376 | D:9      | Reached skill level 5 in Dodging
  7404 | D:9      | Found a staircase to the Lair.
  7502 | D:9      | Found a glowing silver altar of Zin.
  7571 | D:9      | Found a flagged portal.
  7585 | Bailey   | Entered a bailey
  7694 | Bailey   | Noticed an orc knight
  7708 | Bailey   | Killed an orc knight
  8247 | D:10     | Entered Level 10 of the Dungeon
  8259 | D:10     | Noticed a cyclops
  8263 | D:10     | Killed a cyclops
  8556 | D:10     | Reached XP level 11. HP: 105/105 MP: 10/10
  8842 | D:10     | Noticed Psyche
  8883 | D:10     | Killed Psyche
  9397 | D:11     | Noticed a two-headed ogre
  9403 | D:11     | Killed a two-headed ogre
  9404 | D:11     | Reached skill level 5 in Armour
  9466 | D:11     | Got the Information on Evil Acts and the Gathering
  9596 | D:11     | Noticed a two-headed ogre
  9599 | D:11     | Killed a two-headed ogre
  9705 | D:11     | Found a stormy altar of Qazlal.
 10006 | D:12     | Noticed a wolf spider
 10013 | D:12     | Killed a wolf spider
 10170 | D:12     | Noticed a two-headed ogre
 10174 | D:12     | Killed a two-headed ogre
 10281 | D:12     | Found Zar Cia's Magic Scroll Boutique.
 10903 | Temple   | Entered the Ecumenical Temple
 10986 | Temple   | Became a worshipper of the Shining One
 11070 | Lair:1   | Entered Level 1 of the Lair of Beasts
 11077 | Lair:1   | Reached XP level 12. HP: 115/115 MP: 11/11
 11222 | Lair:1   | Noticed Amaemon
 11230 | Lair:1   | Killed Amaemon
 12272 | Lair:2   | Reached * piety under the Shining One
 12401 | Lair:2   | Noticed a six-headed hydra
 12410 | Lair:2   | Killed an 11-headed hydra
 12411 | Lair:2   | Reached skill level 10 in Dodging
 12545 | Lair:2   | Found a staircase to the Swamp.
 12586 | Lair:2   | Found a staircase to the Snake Pit.
 13276 | Lair:3   | Reached XP level 13. HP: 109/125 MP: 12/12
 13472 | Lair:3   | Reached skill level 15 in Fighting
 13476 | Lair:3   | Reached skill level 10 in Armour
 14027 | Lair:3   | Reached skill level 15 in Axes
 14331 | Lair:4   | Found a transporter.
 14419 | Lair:4   | Found a transporter.
 14594 | Lair:4   | Reached ** piety under the Shining One
 14652 | Lair:4   | Found a viscous altar of Jiyva.
 14653 | Lair:4   | Found a staircase to the Slime Pits.
 15400 | Lair:5   | Entered Level 5 of the Lair of Beasts
 15471 | Lair:5   | Noticed Hilad's ghost (journeyman TrIE)
 15481 | Lair:5   | Reached XP level 14. HP: 137/137 MP: 13/13
 16088 | Lair:5   | Reached *** piety under the Shining One
 17067 | Lair:5   | Found a runed translucent door.
 17237 | Lair:5   | Killed Hilad's ghost
 17502 | Orc:1    | Entered Level 1 of the Orcish Mines
 17581 | Orc:1    | Noticed Sonja
 17590 | Orc:1    | Killed Sonja
 17885 | Orc:2    | Entered Level 2 of the Orcish Mines
 17886 | Orc:2    | Found Byireib's Jewellery Shoppe.
 17886 | Orc:2    | Noticed an orc warlord
 17891 | Orc:2    | Noticed Maurice
 17896 | Orc:2    | Reached **** piety under the Shining One
 17897 | Orc:2    | Killed Maurice
 17898 | Orc:2    | Killed an orc warlord
 18067 | Orc:2    | Reached skill level 10 in Shields
 18112 | Orc:2    | Found Sape's Antique Armour Shop.
 18121 | Orc:2    | Paralysed by an orc sorcerer for 5 turns
 18149 | Orc:2    | Found a staircase to the Elven Halls.
 18166 | Orc:2    | Reached XP level 15. HP: 142/147 MP: 14/14
 18464 | Orc:2    | Found Koubraat's General Store.
 18542 | Orc:2    | Found Kocruam's Antique Weapon Shoppe.
 19177 | D:13     | Found a runed translucent gate.
 19178 | D:13     | Found a runed translucent gate.
 19179 | D:13     | Found a runed translucent gate.
 19186 | D:13     | Noticed Bybewuof's ghost (journeyman DjFE)
 19463 | D:13     | Killed Bybewuof's ghost
 19694 | D:14     | Found a gate to the Vaults.
 19777 | D:14     | Reached ***** piety under the Shining One
 19870 | D:14     | Noticed Snorg
 19878 | D:14     | Killed Snorg
 20186 | D:14     | Found Vyet's Weapon Shop.
 20740 | D:15     | Entered Level 15 of the Dungeon
 21092 | D:15     | Identified the +5 short sword of Faesih {antimagic, Dex+2}
 21250 | D:15     | Found a staircase to the Depths.
 21435 | D:15     | Found a sparkling altar of Nemelex Xobeh.
 21878 | Elf:1    | Entered Level 1 of the Elven Halls
 21912 | Abyss:2  | Cast into level 2 of the Abyss (a deep elf demonologist)
 21914 | Abyss:2  | Found a corrupted altar of Lugonu.
 21975 | Abyss:2  | Found a corrupted altar of Lugonu.
 22096 | Abyss:2  | Noticed a bone dragon
 22108 | Abyss:2  | Killed a bone dragon
 22130 | Abyss:2  | Reached ****** piety under the Shining One
 22138 | Abyss:2  | Noticed a lich
 22140 | Abyss:2  | Reached XP level 16. HP: 144/157 MP: 15/15
 22143 | Abyss:2  | Noticed a tentacled starspawn
 22150 | Abyss:2  | Killed a lich
 22152 | Abyss:2  | Killed a tentacled starspawn
 22231 | Abyss:2  | Noticed a shadow dragon
 22243 | Abyss:2  | Killed a shadow dragon
 22250 | Abyss:2  | Reached skill level 15 in Armour
 22271 | Elf:1    | Escaped the Abyss
 23321 | Elf:1    | Reached skill level 15 in Dodging
 23991 | Elf:1    | Found a radiant altar of Vehumet.
 24133 | Snake:1  | Entered Level 1 of the Snake Pit
 24891 | Swamp:1  | Entered Level 1 of the Swamp
 25100 | Swamp:1  | Noticed a thorn hunter
 25100 | Swamp:1  | Noticed a thorn hunter
 25100 | Swamp:1  | Noticed Zero's ghost (adept GrBe)
 25185 | Swamp:1  | Noticed Mlioglotl
 25195 | Swamp:1  | Killed Mlioglotl
 25329 | Swamp:1  | Found a transporter.
 25336 | Swamp:1  | Found a transporter.
 25407 | Swamp:1  | Noticed a tentacled monstrosity
 25415 | Swamp:1  | Killed a tentacled monstrosity
 25645 | Swamp:2  | Reached XP level 17. HP: 168/168 MP: 16/16
 26418 | Swamp:3  | Paralysed by a fenstrider witch for 3 turns
 26783 | Swamp:3  | Reached skill level 1 in Invocations
 26960 | Swamp:4  | Entered Level 4 of the Swamp
 28459 | Swamp:4  | Noticed a tentacled monstrosity
 28470 | Swamp:4  | Killed a tentacled monstrosity
 30376 | Swamp:4  | Got a decaying rune of Zot
 30775 | Swamp:1  | Slain by Zero's ghost

Illustrated notes

Levels and vault maps discovered:
D:1:      amcnicky_arrival_flooded_fountain, layout_basic
D:2:      layout_loops_ring, nicolae_concentric_dashed_squares_mild,
          minmay_diced_spiral
D:3:      layout_basic, mainiacjoe_overflow_paths
D:4:      layout_loops_ring, nicolae_uskayaw_en_pointe, evilmike_ruin_ashenzari,
          biasface_ghost_orc_armoury
D:5:      layout_rooms, nicolae_overflow_macrodata_refinement,
          mainiacjoe_overflow_large_starburst, enter_ossuary_4, st_stairs_12,
          corexii_corridor_pit, uniq_pikel, uniq_ijyb
D:6:      due_chaos_kobolds, layout_basic, trog_three_pillars_becter,
          elyvilon_altar_5, kennysheep_mini_moat, serial_shops, shop,
          grunt_decor_cap
D:7:      layout_rooms, minmay_temple_entry_trees, serial_shops,
          nicolae_shop_overgrown_old_shop, dk_rats_in_the_wall, uniq_maggie
D:8:      minmay_polygon_palace, layout_loops_ring, amcnicky_altar_gilded
D:9:      layout_cave_pools, mainiacjoe_overflow_alcove_1, david_lair_shrubbed,
          serial_shops, nicolae_shop_hallway_plus, enter_bailey_3, uniq_harold
D:10:     layout_basic, hangedman_decor_slide_cut, uniq_psyche
D:11:     layout_loops_ring, nicolae_qazlal_eye_of_the_storm
D:12:     layout_grid_maze, serial_shops, nicolae_shop_stone,
          due_unseen_surprise
D:13:     layout_rooms, ebering_ghost_rock_garden, kennysheep_generic_room_3
D:14:     layout_roguey, ximxim_vaults_locker_room, chequers_big_river,
          serial_shops, nicolae_shop_bloodbath_and_beyond, uniq_snorg
D:15:     hellmonk_depths_entry_around_the_bend, layout_basic, serial_undead,
          serial_undead_e, serial_undead_c, serial_undead_d, serial_undead_d,
          library_closet, nemelex_altar_shiori
Temple:   nicolae_temple_colour_theory
Lair:1:   layout_cave_pods, minmay_holes, serial_bayou_lake_a,
          infiniplex_staircase_pool, grunt_megastairs_2, uniq_amaemon
Lair:2:   layout_cellular_growth, minmay_swamp_entry_worms,
          guppyfry_snake_entry_island
Lair:3:   layout_chaotic_city, beast_lair_carwin_7
Lair:4:   gammafunk_worm_tunnel, layout_regular_city, slime_entry_1,
          nicolae_quartered_pool_impasse
Lair:5:   hangedman_lair_tendril_chambers, layout_regular_city,
          guppyfry_lair_end_dragon, hellmonk_ghost_happy_afterlife,
          nicolae_lair_run_with_the_wolves
Swamp:1:  layout_basic_swamp, gammafunk_ghost_arena,
          evilmike_swamp_ruin_rubble_2, uniq_mlioglotl
Swamp:2:  layout_falls_marsh, nicolae_swamp_ascending_descending_big,
          swamp_pool_4, nicolae_swamp_tree_isthmus
Swamp:3:  layout_basic_swamp, infiniplex_staircase_pool_2
Swamp:4:  swamp_basic_johnstein, layout_basic_swamp
Snake:1:  layout_grid_shapes, guppyfry_snake_island, minmay_shop_grove,
          serial_bayou_shore_b, uniq_kirke
Orc:1:    layout_caves, uniq_sonja
Orc:2:    grunt_orc_gardens, layout_caves, grunt_orc_garden, grunt_orc_garden,
          grunt_orc_garden, grunt_orc_garden, uniq_maurice
Elf:1:    layout_geoelf_grid, guppyfry_elf_altar, st_stairs_1,
          roderic_lattice_octagonal_star

Skill      XL: |  1  2  3  4  5  6  7  8  9 10 11 12 13 14 15 16 17 |
---------------+----------------------------------------------------+-----
Fighting       | 4 5 7 9 10 12 13 14 16 17 18 19 | 19.9
Axes           | 3 4 6 8 10 11 13 14 15 17 18 19 | 19.6
Shields        | 4 5 6 7 8 9 10 11 13 14 | 14.4
Dodging        | 3 6 8 10 11 13 14 15 16 | 16.2
Armour         | 4 7 9 11 13 14 15 16 | 16.0
Invocations    | 4 |  4.0

Action                     |  1- 3 |  4- 6 |  7- 9 | 10-12 | 13-15 | 16-18 || total
---------------------------+-------+-------+-------+-------+-------+-------++-------
  Melee: War axe           |    97 |    93 |    86 |       |       |       ||   276
         Headbutt          |    12 |    15 |    38 |    79 |   193 |   127 ||   464
         Broad axe         |       |       |    73 |   354 |   646 |   520 ||  1593
  Evoke: Wand              |       |       |       |       |       |     1 ||     1
    Use: Scroll            |       |       |       |    13 |     7 |     9 ||    29
         Potion            |       |       |       |    11 |     1 |    11 ||    23
 Armour: Scale mail        |    13 |       |       |       |       |       ||    13
         Chain mail        |    40 |    58 |   102 |       |       |       ||   200
         Plate armour      |       |       |     4 |   229 |   343 |   631 ||  1207
         Skin              |       |       |       |     7 |       |       ||     7
  Dodge: Dodged            |    43 |    56 |    81 |   155 |   273 |   395 ||  1003
  Block: Buckler           |    15 |       |       |       |       |       ||    15
         Kite shield       |    21 |    54 |   113 |   161 |       |       ||   349
         Tower shield      |       |       |       |   391 |   972 |  1029 ||  2392
         Reflection        |       |       |       |    23 |    36 |    45 ||   104

Table legend: (Time is in decaauts)
 A = Elapsed time spent in this place.
 B = Non-inter-level travel time spent in this place.
 C = Inter-level travel time spent in this place.
 D = Time resting spent in this place.
 E = Time spent auto-exploring this place.
 F = Levels seen in this place.
 G = Mean time per level.
                   A        B        C        D        E       F      G
               +--------+--------+--------+--------+--------+-----+--------+
         Total |  31998 |  29815 |   2183 |   4793 |  19372 |  32 |  999.9 |
       Dungeon |  13887 |  12504 |   1383 |    811 |   9388 |  15 |  925.8 |
        Temple |     91 |     83 |      8 |      0 |      0 |   1 |   91.0 |
          Lair |   7361 |   6879 |    482 |    679 |   4964 |   5 | 1472.2 |
         Swamp |   6290 |   6151 |    139 |   3001 |   2153 |   4 | 1572.5 |
     Snake Pit |     67 |     67 |      0 |      0 |      0 |   1 |   67.0 |
  Orcish Mines |   1295 |   1179 |    116 |      0 |    960 |   2 |  647.5 |
   Elven Halls |   1798 |   1746 |     52 |     34 |   1433 |   1 | 1798.0 |
         Abyss |    377 |    377 |      0 |      0 |    194 |   1 |  377.0 |
       Ossuary |    182 |    182 |      0 |      0 |     88 |   1 |  182.0 |
        Bailey |    645 |    645 |      0 |    267 |    190 |   1 |  645.0 |
               +--------+--------+--------+--------+--------+-----+--------+

Top non-repeatable levels by time:
 Swamp:3: 2470 daAuts
 Swamp:4: 2349 daAuts
  Lair:5: 2118 daAuts
  Lair:2: 1935 daAuts
   Elf:1: 1798 daAuts
     D:6: 1588 daAuts
  Lair:1: 1347 daAuts
    D:14: 1272 daAuts
    D:10: 1128 daAuts
     D:8: 1090 daAuts
  Lair:3: 1054 daAuts
    D:12: 1013 daAuts
     D:1: 969 daAuts
  Lair:4: 905 daAuts
     D:5: 891 daAuts
